 Dungeon Crawl Stone Soup version 0.23.2-33-g5129a83184 (webtiles) character file.

Game seed: 4382686368952800327

324 Feetnoise the Cudgeler (level 6, -8/52 HPs)
             Began as a Hill Orc Fighter on July 12, 2019.
             Killed by nerve-wracking pain
             ... invoked by Grinder
              (13 damage)
             ... while paralysed by Grinder
             ... on level 4 of the Dungeon.
             The game lasted 00:28:04 (4863 turns).

Feetnoise the Cudgeler (Hill Orc Fighter)           Turns: 4863, Time: 00:28:05

Health: -8/52      AC:  8    Str: 21    XL:     6   Next: 48%
Magic:  6/6        EV:  2    Int:  8    God:
Gold:   72         SH:  0    Dex: 10    Spells: 5/5 levels left

rFire    + . .     SeeInvis .   a - +1 flail
rCold    . . .     Gourm    .   c - +0 shield
rNeg     . . .     Faith    .   b - +1 scale mail
rPois    .         Spirit   .   (no helmet)
rElec    .         Reflect  .   (no cloak)
rCorr    .         Harm     .   (no gloves)
MR       .....                  (no boots)
Stlth    ..........             (no amulet)
HPRegen  0.17/turn              j - ring of protection from fire
MPRegen  0.10/turn              (no ring)

@: paralysed, lightly drained
A: no striking features
a: no special abilities


You were on level 4 of the Dungeon.
You were not hungry.

You visited 1 branch of the dungeon, and saw 4 of its levels.

You collected 72 gold pieces.

Inventory:

Hand Weapons
 a - a +1 flail (weapon)
 n - a +0 mace
Armour
 b - a +1 scale mail (worn)
 c - a +0 shield (worn)
 e - a +0 leather armour
 l - a +0 scale mail
 o - a +0 chain mail
 q - a +0 centaur barding
Jewellery
 j - a ring of protection from fire (left hand)
Wands
 g - a wand of iceblast (12)
Scrolls
 h - 3 scrolls of enchant armour
 i - a scroll of remove curse
 m - a scroll of fear
 p - a scroll of blinking {unknown}
 r - a scroll of immolation {unknown}
Potions
 d - a potion of might
 k - a potion of mutation {unknown}
Comestibles
 f - 5 rations


   Skills:
 + Level 4.3(4.2) Fighting
 + Level 4.9(4.8) Maces & Flails
 + Level 4.0(3.9) Armour
 + Level 1.7 Dodging
 + Level 0.2 Stealth
 + Level 4.6 Shields


You had 5 spell levels left.
You didn't know any spells.
Your spell library was empty.

Dungeon Overview and Level Annotations

Branches:
Dungeon (4/15)
 Temple: D:4-7

Altars:
Elyvilon
Wu Jian
Xom

Annotations:
D:4 Grinder


Message History

Grinder is lightly wounded.
Grinder hits you!
You writhe in agony.
Grinder hits you.
You writhe in agony.
* * * LOW HITPOINT WARNING * * *
You thump Grinder!
Grinder is moderately wounded.
Grinder gestures at you.
You barely resist. Grinder barely misses you.
You barely miss Grinder.
Grinder is moderately wounded.
Grinder gestures at you. Pain shoots through your body!
* * * LOW HITPOINT WARNING * * *
Grinder gestures at you.
You suddenly lose the ability to move!
Grinder gestures at you. You resist with significant effort.
Grinder completely misses you. Grinder gestures at you.
Pain shoots through your body!
You die...

##+##.. ......$
....... ### .......
#.# ....... #.#
.......
#.###....... ...
#.@5........ ...
#.########## ...
#.######## ...
#......... +...
#..###### #...
#..#############...
#..........##..'...
##.#####.......#...
#.# #.......#...


You could see Grinder.

Vanquished Creatures
  2 crimson imps (D:3)
  An orc wizard (D:3)
  An orc priest (D:3)
  Natasha (twice) (D:3)
  Terence (D:3)
  4 adders
  3 dart slugs
  5 leopard geckos
  7 orcs (D:3)
  6 giant cockroaches
  10 goblins
  7 hobgoblins
  A quokka (D:4)
  A ball python (D:2)
  8 bats
  4 frilled lizards
  4 kobolds
  A quokka skeleton (D:4)
  9 rats
77 creatures vanquished.

Vanquished Creatures (others)
  A crimson imp (D:3)
  A dart slug (D:3)
2 creatures vanquished.

Grand Total: 79 creatures vanquished

Notes
Turn   | Place    | Note
-------+----------+-------------------------------------------
     0 | D:1      | Feetnoise the Hill Orc Fighter began the quest for the Orb.
     0 | D:1      | Reached XP level 1. HP: 19/19 MP: 1/1
   350 | D:1      | Reached XP level 2. HP: 27/27 MP: 2/2
   845 | D:1      | Reached XP level 3. HP: 33/33 MP: 3/3
  1508 | D:2      | Reached skill level 1 in Dodging
  1623 | D:2      | Found an ornate altar of the Wu Jian Council.
  1959 | D:2      | Reached XP level 4. HP: 40/40 MP: 4/4
  2899 | D:3      | Noticed Terence
  2914 | D:3      | Killed Terence
  2914 | D:3      | Reached XP level 5. HP: 43/46 MP: 5/5
  3648 | D:3      | Found a white marble altar of Elyvilon.
  3800 | D:3      | Found a shimmering altar of Xom.
  3991 | D:3      | Noticed Natasha
  4009 | D:3      | Killed Natasha
  4009 | D:3      | Reached XP level 6. HP: 28/52 MP: 6/6
  4664 | D:3      | Noticed Natasha
  4669 | D:3      | Killed Natasha
  4849 | D:4      | Noticed Grinder
  4861 | D:4      | Paralysed by Grinder for 4 turns
  4863 | D:4      | Killed from afar by Grinder

Skill      XL: |  1  2  3  4  5 |
---------------+----------------+-----
Dodging        | 1 |  1.7
Shields        | 4 |  4.6
Maces & Flails | 3 4 |  4.9
Fighting       | 4 |  4.3
Armour         | 4 |  4.0
Stealth        | |  0.2

Action                   |  1- 3 |  4- 6 || total
-------------------------+-------+-------++-------
Melee: Flail             |   178 |   278 ||   456
  Use: Scroll            |     3 |     4 ||     7
       Potion            |       |     3 ||     3
  Eat: Ration            |     1 |     3 ||     4
       Chunk             |       |     2 ||     2
Armor: Scale mail        |   136 |   131 ||   267
Dodge: Dodged            |    83 |    80 ||   163
Block: Shield            |   122 |    97 ||   219
